 Dungeon Crawl Stone Soup version 0.16-a0-1053-g198a393 (webtiles) character file.

7504 tcjsavannah the Basher (level 10, -3/81 HPs)
             Began as a Troll Necromancer on Oct 5, 2014.
             Was a Believer of Kikubaaqudgha.
             Succumbed to a spiny frog's poison
             ... on level 2 of the Lair of Beasts.
             The game lasted 00:48:25 (8880 turns).

tcjsavannah the Basher (Troll Necromancer)          Turns: 8880, Time: 00:48:27

HP  -3/81        AC 13     Str 19      XL: 10   Next: 95%
MP   7/10        EV  8     Int 12      God: Kikubaaqudgha [**....]
Gold 520         SH  0     Dex 11      Spells:  3 memorised,  5 levels left

rFire  + + .     SeeInvis .     a - +4 dire flail
rCold  . . .     Clarity  .     k - +1 fire dragon armour
rNeg   . . .     rCorr    .     (shield restricted)
rPois  .         rRot     .     d - +0 hat
rElec  .         Spirit   .     (no cloak)
SustAb .         Warding  .     (gloves unavailable)
rMut   .         Stasis   .     (boots unavailable)
Gourm  +                        (no amulet)
MR     .....                    O - ring of wizardry
                                p - ring of protection from cold

@: lethally poisoned, very slightly contaminated, not resistant to hostile
enchantments, extremely unstealthy
A: unfitting armour, claws 3, fast metabolism 3, gourmand, regeneration 2,
saprovore 2, shaggy fur 1, tough skin 2
a: Receive Corpses, Renounce Religion


You were on level 2 of the Lair of Beasts.
You worshipped Kikubaaqudgha.
Kikubaaqudgha was pleased with you.
You were very full.

You visited 3 branches of the dungeon, and saw 11 of its levels.

You collected 520 gold pieces.

Inventory:

Hand weapons
 a - a +4 dire flail (weapon)
Missiles
 e - 21 stones
 o - 3 large rocks (quivered)
Armour
 d - a +0 hat (worn)
 k - a +1 fire dragon armour (worn)
Magical devices
 f - a wand of frost (6)
 j - a wand of polymorph (10)
 u - a wand of slowing (9)
 v - a wand of polymorph (1)
 F - a wand of enslavement (0)
Comestibles
 c - 7 meat rations
 m - a beef jerky
Scrolls
 g - a scroll of magic mapping
 n - 5 scrolls of fog
 q - 2 scrolls of remove curse
 r - 2 scrolls of enchant weapon
Jewellery
 p - a ring of protection from cold (left claw)
 y - an uncursed ring of fire
 O - a ring of wizardry (right claw)
Potions
 h - a potion of magic
 s - 4 potions of restore abilities
 w - a potion of agility
 z - a potion of flight
 B - a potion of porridge
 E - a potion of mutation
 K - a potion of brilliance
Books
 b - a book of Necromancy

   Spells                             Type                      Level
   *Pain                              Necromancy                   1
   Animate Skeleton                   Necromancy                   1
   Vampiric Draining                  Necromancy                   3
   *Regeneration                      Charms/Necromancy            3
   *Animate Dead                      Necromancy                   4
   Control Undead                     Necromancy                   4
 i - Kikubaaqudgha's Volume of Black Secrets
   (Kikubaaqudgha gifted it to you on level 7 of the Dungeon)

   Spells                             Type                      Level
   *Pain                              Necromancy                   1
   Corpse Rot                         Necromancy                   2
   Sublimation of Blood               Necromancy                   2
   Vampiric Draining                  Necromancy                   3
   Control Undead                     Necromancy                   4
Miscellaneous
 l - a box of beasts


   Skills:
 - Level 9.6 Maces & Flails
 + Level 5.1 Armour
 + Level 7.9 Dodging
 - Level 1.1 Stealth
 * Level 2.2 Spellcasting
 * Level 6.3 Necromancy


You had 5 spell levels left.
You knew the following spells:

 Your Spells              Type           Power        Failure   Level  Hunger
a - Pain                  Necr           ###.         3%          1    ##.....
b - Regeneration          Chrm/Necr      #.........   32%         3    ####...
c - Animate Dead          Necr           N/A          32%         4    #####..


Dungeon Overview and Level Annotations

Branches:
Dungeon (8/15)             Temple (1/1) D:5            Lair (2/8) D:8

Altars:
Ashenzari
Cheibriados
Elyvilon
Gozag
Kikubaaqudgha
Makhleb
Ru
Sif Muna
Trog
Xom
Yredelemnul
The Shining One

Shops:
D:6 (

Annotations:
D:4 Sigmund


Innate Abilities, Weirdness & Mutations

You are too large for most types of armour.
You have claws for hands.
Your metabolism is lightning-fast.
You like to eat raw meat.
You heal very quickly.
You can eat rotten meat.
You are covered in fur (AC +1).
You have very tough skin (AC +2).


Message History

The spiny frog poisons you! The hound bites your yak zombie.
Your yak zombie gores the hound.
Your yak zombie closely misses the spiny frog.
You impale the spiny frog!!
You kill the spiny frog!
Kikubaaqudgha accepts your kill.
* * * LOW HITPOINT WARNING * * *
You feel very sick. The hound bites your yak zombie. The basilisk gazes at you.
Your yak zombie struggles to resist.
Drink which item? (? for menu, Esc to quit)
Okay, then.
Casting: Animate Dead
Confirm with . or Enter, or press ? or * to list all spells.
You miscast Regeneration.
You are very lightly contaminated with residual magic.
Kikubaaqudgha protects you from your miscast necromantic spell!
You die...
Kikubaaqudgha rasps: "You have failed me!
Welcome... death!"

.... ..#......
........(..
...........
...........
..........###
........l##P####
..........ZP...P# ###
........hZ%@....##(.#
.........Z........#.#
............P#.....#
............###...##
.............###...#
...........## ###.##
..........## ##...#
..........#####..#.#
.....(......P##.####


You could see a basilisk, a hound and 3 friendly yak zombies.

Vanquished Creatures
  A black mamba (Lair:1)
  3 spiny frogs
  Psyche (D:8)
  A komodo dragon (Lair:2)
  A basilisk (Lair:1)
  A trapdoor spider (shapeshifter) (D:8)
  A spriggan (D:7)
  9 yaks
  2 hippogriffs
  A deep elf fighter (D:8)
  A steam dragon (D:7)
  4 water moccasins
  The ghost of Sientara the Sneak, an average VSAs (D:5)
  2 porcupines
  3 sky beasts
  An orc warrior (D:8)
  A dwarf (D:6)
  2 phantoms
  2 ogres
  4 centaurs
  Blork the orc (D:8)
  5 crocodiles
  7 giant frogs
  A wyvern zombie (D:6)
  A scorpion (D:5)
  A killer bee (D:7)
  A hippogriff zombie (D:7)
  A crimson imp (D:5)
  7 hounds
  An orc priest (D:8)
  3 jellies
  A quasit (D:8)
  2 iguanas (Lair:1)
  A gnoll shaman (D:7)
  An orc wizard (D:8)
  A killer bee zombie (D:6)
  5 worker ants
  An ogre skeleton (D:6)
  A hound zombie (D:6)
  A hound skeleton (D:7)
  2 mummies
  8 gnolls
  13 adders
  2 green rats (D:8)
  3 worms
  An adder skeleton (D:6)
  4 giant geckos
  An ooze (D:2)
  8 orcs
  9 goblins
  13 hobgoblins
  8 jackals
  6 quokkas
  A ball python (D:1)
  28 bats
  9 giant cockroaches
  10 giant newts
  A goblin skeleton (D:4)
  A jackal skeleton (D:5)
  14 kobolds
  A kobold skeleton (D:6)
  15 rats
  A rat zombie (D:5)
  A ballistomycete (D:8)
245 creatures vanquished.

Vanquished Creatures (collateral kills)
  A hippogriff (Lair:2)
  A water moccasin (Lair:1)
  A porcupine (Lair:1)
  A giant frog (Lair:1)
  A killer bee (D:7)
  4 adders
9 creatures vanquished.

Vanquished Creatures (others)
  A wizard (D:5)
  A killer bee (D:7)
  A yak zombie (Lair:2)
  A porcupine zombie (Lair:2)
  A giant spore (D:8)
  2 fungi
7 creatures vanquished.

Grand Total: 261 creatures vanquished

Notes
Turn   | Place    | Note
--------------------------------------------------------------
     0 | D:1      | tcjsavannah, the Troll Necromancer, began the quest for the Orb.
     0 | D:1      | Reached XP level 1. HP: 16/16 MP: 2/2
   145 | D:1      | Reached skill level 1 in Maces & Flails
   208 | D:1      | Reached XP level 2. HP: 21/24 MP: 2/2
   553 | D:1      | Reached skill level 1 in Armour
   558 | D:1      | Reached XP level 3. HP: 31/31 MP: 3/3
   808 | D:1      | Learned a level 3 spell: Regeneration
  1141 | D:2      | Reached XP level 4. HP: 39/39 MP: 4/4
  1302 | D:2      | Found a burning altar of Makhleb.
  1674 | D:3      | Reached XP level 5. HP: 45/45 MP: 4/4
  2547 | D:4      | Noticed Sigmund
  3026 | D:4      | Reached skill level 4 in Maces & Flails
  3471 | D:5      | Entered Level 5 of the Dungeon
  3502 | D:5      | Noticed a sky beast
  3507 | D:5      | Killed a sky beast
  3507 | D:5      | Reached XP level 6. HP: 53/53 MP: 5/5
  3534 | D:5      | Found a bloodstained altar of Trog.
  3534 | D:5      | Noticed a wizard
  3577 | D:5      | Noticed an ogre
  3584 | D:5      | Killed an ogre
  3584 | D:5      | Reached skill level 5 in Maces & Flails
  3635 | D:5      | Noticed Sientara's ghost (average VSAs)
  3639 | D:5      | Killed Sientara's ghost
  3672 | D:5      | Found an opulent altar of Gozag.
  3684 | D:5      | Reached XP level 7. HP: 57/59 MP: 5/5
  3870 | D:5      | Found a staircase to the Ecumenical Temple.
  3877 | Temple   | Entered the Ecumenical Temple
  3896 | Temple   | Became a worshipper of Kikubaaqudgha
  3924 | D:5      | Noticed a centaur
  3949 | D:5      | Killed a centaur
  3949 | D:5      | Reached skill level 6 in Maces & Flails
  3958 | D:5      | Learned a level 4 spell: Animate Dead
  4078 | D:5      | Killed a wizard
  4298 | D:6      | Found Gunniech's Weapon Emporium.
  4555 | D:6      | Reached skill level 7 in Maces & Flails
  4638 | D:6      | Reached XP level 8. HP: 61/67 MP: 6/6
  4738 | D:6      | Reached skill level 8 in Maces & Flails
  4755 | D:6      | Found a shattered altar of Ashenzari.
  5386 | D:7      | Reached skill level 9 in Maces & Flails
  5779 | D:7      | Found a bloodstained altar of Trog.
  5876 | D:7      | Reached XP level 9. HP: 68/74 MP: 7/7
  5907 | D:7      | Acquired Kikubaaqudgha's first power
  5907 | D:7      | Received a gift from Kikubaaqudgha
  5910 | D:7      | Identified Kikubaaqudgha's Volume of Black Secrets (Kikubaaqudgha gifted it to you on level 7 of the Dungeon)
  6205 | D:8      | Found a shimmering altar of Xom.
  6205 | D:8      | Found a shimmering altar of Xom.
  6205 | D:8      | Found a shimmering altar of Xom.
  6205 | D:8      | Noticed a fire crab
  6205 | D:8      | Noticed a salamander
  6206 | D:8      | Found a shimmering altar of Xom.
  6206 | D:8      | Found a shimmering altar of Xom.
  6214 | D:8      | Noticed a guardian serpent
  6214 | D:8      | a salamander changed into a guardian serpent
  6434 | D:8      | Noticed Blork the orc
  6438 | D:8      | Killed Blork the orc
  6638 | D:8      | Noticed a fire crab
  6663 | D:8      | Reached skill level 5 in Dodging
  6737 | D:8      | Acquired Kikubaaqudgha's second power
  6737 | D:8      | Reached skill level 5 in Necromancy
  6880 | D:8      | Noticed Psyche
  6888 | D:8      | Killed Psyche
  7032 | D:8      | Found a staircase to the Lair.
  7040 | D:8      | Reached XP level 10. HP: 68/81 MP: 7/7
  7061 | Lair:1   | Entered Level 1 of the Lair of Beasts
  7546 | Lair:1   | Noticed a black mamba
  7555 | Lair:1   | Killed a black mamba
  8736 | Lair:2   | Reached skill level 5 in Armour
  8878 | Lair:2   | HP: 3/81 [spiny frog (13)]
  8879 | Lair:2   | HP: 1/81 [poisoned by a spiny frog]
  8880 | Lair:2   | Succumbed to a spiny frog's poison

Action                   |  1- 3 |  4- 6 |  7- 9 | 10-12 || total
-------------------------+-------+-------+-------+-------++-------
Melee: Whip              |   186 |       |       |       ||   186
       Dire flail        |     2 |   234 |   452 |   175 ||   863
Throw: Stone             |    23 |     9 |       |     3 ||    35
       Large rock        |       |    11 |    50 |    22 ||    83
 Cast: Pain              |     1 |       |       |       ||     1
       Animate Dead      |       |       |       |     4 ||     4
       Regeneration      |       |       |       |     1 ||     1
Evoke: Wand              |       |     1 |     5 |    17 ||    23
       Box of beasts     |       |       |       |     1 ||     1
  Use: Scroll            |       |     6 |    15 |     6 ||    27
       Potion            |       |       |     1 |     6 ||     7
 Stab: Distracted        |       |       |       |     2 ||     2
  Eat: Chunk             |     9 |    28 |    31 |    16 ||    84
       Bread ration      |       |       |       |     1 ||     1
